 Dungeon Crawl Stone Soup version 0.19-a0-414-g76fec5b (webtiles) character file.

35 richardnixon the Sneak (level 3, 0/24 HPs)
             Began as a Vampire Enchanter on June 1, 2016.
             Slain by a kobold
             ... wielding a +2 dagger of electrocution
              (9 damage)
             ... on level 2 of the Dungeon.
             The game lasted 00:02:27 (1478 turns).

richardnixon the Sneak (Vampire Enchanter)          Turns: 1478, Time: 00:02:28

Health: 0/24       AC:  4    Str:  7    XL:     3   Next: 16%
Magic:  6/6        EV: 13    Int: 20    God:
Gold:   50         SH:  0    Dex: 15    Spells: 2 memorised, 3 levels left

rFire  . . .     SeeInvis +     a - +1 dagger
rCold  + . .     Gourm    .     b - +1 robe
rNeg   + + +     Faith    .     (no shield)
rPois  +         Spirit   .     (no helmet)
rElec  .         Dismiss  .     j - +0 cloak
rCorr  .         Reflect  .     (no gloves)
SustAt .         Harm     .     (no boots)
MR     .....                    f - amulet of regeneration
Stlth  ++++......               k - ring of positive energy
                                i - +3 ring of intelligence

@: regenerating slowly, not resistant to hostile enchantments, stealthy
A: fangs 3, see invisible, unbreathing
a: Bat Form


You were on level 2 of the Dungeon.
You were very thirsty.

You visited 1 branch of the dungeon, and saw 2 of its levels.

You collected 50 gold pieces.

Inventory:

Hand Weapons
 a - a +1 dagger (weapon)
Armour
 b - a +1 robe (worn)
 j - a +0 cloak (worn)
Jewellery
 f - an amulet of regeneration (around neck)
 i - a +3 ring of intelligence (left hand)
 k - a ring of positive energy (right hand)
Scrolls
 e - a scroll of recharging {unknown}
 g - a scroll of immolation {unknown}
 l - a scroll of remove curse {unknown}
 m - a scroll of identify {unknown}
 n - a scroll of noise {unknown}
Potions
 d - a potion of blood
 h - a potion of cure mutation {unknown}
Books
 c - a book of Maledictions

   Spells                             Type                      Level
   a - Corona                         Hexes                        1
   b - Ensorcelled Hibernation        Hexes/Ice                    2
   c - Confuse                        Hexes                        3
   d - Tukima's Dance                 Hexes                        3
   e - Dazzling Spray                 Conjuration/Hexes            3


   Skills:
 - Level 1.1 Short Blades
 - Level 2.1 Dodging
 + Level 5.7 Stealth
 - Level 2.0 Spellcasting
 + Level 5.3 Hexes


You had 3 spell levels left.
You knew the following spells:

 Your Spells              Type           Power        Failure   Level  Hunger
a - Corona                Hex            ###....      1%          1    #......
b - Ensorcelled Hibernat  Hex/Ice        ##....       10%         2    ##.....


Dungeon Overview and Level Annotations

Branches:
Dungeon (2/15)

Altars:
Trog


Innate Abilities, Weirdness & Mutations

You heal slowly.
You have razor-sharp teeth.
You have supernaturally acute eyesight. (SInv)
You can survive without breathing.


Message History

There is a bloodstained altar of Trog here.
Things that are here:
a dagger; an animal skin A kobold comes into view.
It is wielding a dagger of electrocution.
The kobold shouts!
The kobold throws a stone.
The stone barely misses you.
The kobold throws a stone.
The stone hits you but does no damage.
You see here a stone.
The kobold throws a stone.
The stone hits you.
You see here a stone.
The kobold throws a stone.
The stone hits you.
You see here a stone.
You closely miss the kobold. The kobold hits you but does no damage.
You hit the kobold but do no damage. Your bite misses the kobold.
The kobold hits you but does no damage.
You are electrocuted!
Ouch! That really hurt!
You closely miss the kobold.
The kobold hits you with a dagger of electrocution.
You are electrocuted!
You die...

..(.>......(...................
######.....#(.........###.##.%.
#..........<.†....##.###..
#....(..###....##.)....#.#
#._.....###....#####...#..
#....##(...###.# ##.....
########(#.##..######.####
#(#..............## #.@#
#.########.... ##.K.#. #..#.
###.... ##... ###.# #### # # #


You could see a kobold.

Vanquished Creatures
  A dart slug (D:1)
  A giant gecko (D:1)
  2 giant cockroaches (D:2)
  A goblin (D:1)
  6 hobgoblins
  3 jackals
  3 kobolds
  A quokka (D:2)
  6 bats
  2 giant newts (D:2)
  3 rats
29 creatures vanquished.

Notes
Turn   | Place    | Note
--------------------------------------------------------------
     0 | D:1      | richardnixon the Vampire Enchanter began the quest for the Orb.
     0 | D:1      | Reached XP level 1. HP: 13/13 MP: 3/3
   451 | D:1      | Reached XP level 2. HP: 19/19 MP: 5/5
   467 | D:1      | Reached skill level 5 in Stealth
   597 | D:1      | Learned a level 2 spell: Ensorcelled Hibernation
   685 | D:1      | Reached skill level 5 in Hexes
  1336 | D:2      | Found a bloodstained altar of Trog.
  1376 | D:2      | Reached XP level 3. HP: 18/24 MP: 0/6
  1478 | D:2      | Slain by a kobold

Vault maps used:
D:1:      lightli_arrival_lavapool, corexii_item_surrounded_by_moat
D:2:      bloody_trog

Skill      XL: |  1  2 |
---------------+-------+-----
Stealth        | 5 |  5.7
Hexes          | 5 |  5.3
Short Blades   | |  1.1
Dodging        | |  2.1
Spellcasting   | |  2.0

Action                   || total
-------------------------++-------
Melee: Dagger            ||   131
       Bite              ||     8
 Cast: Ensorcelled Hiber ||     4
 Stab: Sleeping          ||     9
Armor: Robe              ||    28
Dodge: Dodged            ||    89
